Atomiques vs Senators
Created - November 3, 2019 at 19:01
Goals
|
Atomiques |
1 |
3 |
3 |
7 |
Senators |
1 |
0 |
4 |
5 |
|
Shots
|
Atomiques |
10 |
12 |
7 |
29 |
Senators |
13 |
8 |
18 |
39 |
|
1st period
1. Atomiques , Christoph Bertschy 2 (Taylor Beck 4) at 4:21
2. Senators , Nick Foligno 6 (Matt Frattin 6, Zemgus Girgensons 5) at 11:39
Penalties :
Scott Harrington (BIN) for Hooking (Minor) at 12:19
2nd period
3. Atomiques , Christoph Bertschy 3 (Brandon Saad 5, Travis Sanheim 6) at 8:43 (PP)
4. Atomiques , Dennis Everberg 3 (Wiley Sherman 2, Chris Tierney 5) at 13:43
5. Atomiques , Taylor Beck 5 (Wiley Sherman 3, Christoph Bertschy 4) at 16:35
Penalties :
Dennis Everberg (STB) for Hooking (Minor) at 0:22, Scott Harrington (BIN) for Hooking (Minor) at 7:46
3rd period
6. Senators , Zemgus Girgensons 3 (Matt Frattin 7, Nick Foligno 10) at 0:16
7. Atomiques , Jack Skille 1 (Matt Tennyson 1, Eric Mestery 2) at 1:09
8. Atomiques , Brandon Saad 5 (Chris Tierney 6, Christoph Bertschy 5) at 5:17
9. Senators , Matt Frattin 7 (Nick Foligno 11, Scott Harrington 6) at 15:13 (PP)
10. Senators , Nick Foligno 7 (Zemgus Girgensons 6) at 15:44 (PP)
11. Senators , Jan Mursak 3 (Chandler Stephenson 4, Tomas Jurco 4) at 18:37
12. Atomiques , Michael Chaput 2 (Travis Sanheim 7) at 18:47
Penalties :
Corey Tropp (STB) for Hooking (Minor) at 8:07, Christoph Bertschy (STB) for Roughing (Minor) at 14:18, Travis Sanheim (STB) for Slashing (Minor) at 15:40
Goalie Stats
Connor Hellebyuk (STB), 34 saves from 39 shots - (0.872), W, 2-4-0, 60:00 minutes
Justin Peters (BIN), 4 saves from 6 shots - (0.667), L, 4-1-0, 18:51 minutes
Stephon Williams (BIN), 18 saves from 23 shots - (0.783), 41:09 minutes
Players Stats for Atomiques
Player Name G A P +/- PIM S H SB GA TA FO MP PP MP PK MP
------------------------------------------------------------------------------------
Brandon McMillan 0 0 0 1 0 1 1 0 0 1 0/1 13:57 0:00 2:33
Brandon Saad 1 1 2 1 0 3 2 1 0 1 1/2 19:04 1:41 0:00
Chris Tierney 0 2 2 1 0 0 0 1 0 0 14/37 22:05 1:41 2:39
Christoph Bertschy 2 2 4 0 2 5 0 1 1 0 6/10 15:59 1:15 0:19
Connor Clifton 0 0 0 -1 0 0 0 0 0 0 0/0 5:46 0:00 0:10
Corey Tropp 0 0 0 1 2 1 1 0 2 0 0/0 11:08 0:00 0:00
Dennis Everberg 1 0 1 1 2 4 0 1 1 0 1/1 20:24 1:41 0:52
Eric Mestery 0 1 1 -1 0 0 0 0 0 1 0/0 10:25 0:00 0:00
Jack Skille 1 0 1 1 0 1 1 0 0 0 0/0 8:43 0:00 0:00
Jacob De La Rose 0 0 0 1 0 1 1 0 0 0 1/4 9:54 0:00 1:28
John Draeger 0 0 0 2 0 1 2 1 0 1 0/0 24:28 0:52 2:13
Matt Tennyson 0 1 1 2 0 3 1 1 1 0 0/0 19:15 0:52 2:19
Michael Chaput 1 0 1 1 0 1 1 0 2 0 5/8 11:29 0:00 0:00
Mike Halmo 0 0 0 1 0 1 3 0 0 0 0/0 10:08 0:00 1:21
Taylor Beck 1 1 2 0 0 4 1 0 0 0 0/1 16:46 1:15 0:42
Travis Sanheim 0 2 2 2 2 1 1 0 1 1 0/0 29:55 2:04 2:34
Wiley Sherman 0 2 2 2 0 1 0 2 0 1 0/0 29:38 2:04 2:38
William Nylander 0 0 0 0 0 1 2 2 0 0 0/0 15:55 1:15 0:00
Players Stats for Senators
Player Name G A P +/- PIM S H SB GA TA FO MP PP MP PK MP
------------------------------------------------------------------------------------
Adam Ollas-Mattsson 0 0 0 0 0 2 1 1 0 0 0/0 13:41 0:00 1:50
Andy Andreoff 0 0 0 -2 0 2 3 0 0 0 0/1 13:17 0:00 1:03
Blake Coleman 0 0 0 -2 0 0 0 0 0 1 2/6 12:14 0:00 0:00
Brett Bulmer 0 0 0 0 0 0 0 0 0 0 0/0 0:54 0:04 0:00
Chandler Stephenson 0 1 1 -1 0 3 2 0 0 0 11/16 16:00 1:51 0:00
Dylan Blujus 0 0 0 0 0 5 0 2 1 1 0/0 20:14 1:27 1:06
Grant Besse 0 0 0 0 0 2 0 1 0 0 0/0 7:14 0:00 0:00
Jack Dougherty 0 0 0 0 0 1 1 2 0 0 0/0 20:13 1:27 1:06
Jan Mursak 1 0 1 -1 0 3 2 0 0 1 0/0 18:10 1:51 1:40
Keegan Lowe 0 0 0 -3 0 2 2 0 1 1 0/0 27:41 3:30 1:49
Mason Geertsen 0 0 0 0 0 0 0 0 0 0 0/0 12:05 0:00 0:01
Matt Frattin 1 2 3 0 0 2 3 0 1 0 2/3 21:13 3:05 0:33
Maxim Letunov 0 0 0 0 0 1 1 0 0 0 1/4 7:14 0:00 0:00
Michal Repik 0 0 0 -2 0 2 0 0 1 1 1/2 12:14 0:00 0:00
Nick Foligno 2 2 4 0 0 6 3 0 1 0 2/6 22:19 3:05 1:39
Patrick Maroon 0 0 0 0 0 3 0 0 0 1 0/0 8:15 0:00 0:43
Scott Harrington 0 1 1 -3 4 0 1 2 0 0 0/0 26:08 3:30 0:00
Tomas Jurco 0 1 1 -1 0 4 4 0 1 0 0/0 16:00 1:51 0:00
Warren Foegele 0 0 0 0 0 0 0 0 0 0 0/0 0:26 0:01 0:00
Zemgus Girgensons 1 2 3 0 0 1 1 0 0 2 17/26 21:29 3:03 0:14
3 Stars
1 - Nick Foligno (BIN)
2 - Christoph Bertschy (STB)
3 - Brandon Saad (STB)
Power Play
Atomiques - 1 on 3 Attempt(s) - 33.33%
Senators - 2 on 4 Attempt(s) - 50.00%
Penalty Kill
Atomiques - 2 on 4 Attempt(s) - 50.00%
- Score 0 goal in Penalty Kill
Senators - 2 on 3 Attempt(s) - 66.67%
- Score 0 goal in Penalty Kill
Team Stat
Atomiques - Hits : 17 - Faceoff Wins : 28 - Blocked Shots : 10 - Penalty Minutes : 8
Senators - Hits : 24 - Faceoff Wins : 36 - Blocked Shots : 8 - Penalty Minutes : 4
Official
Referees : Unknown
Linesman : Unknown
Game Notes
7:16 of 1st period - Penalty Shot by Dylan Blujus for Senators - Stopped by Connor Hellebyuk
Justin Peters enters game at 1:09 of 3rd period
Finance
Level 1 -- Attendance: 1458 (72.90%) -- Ticket Income $48,114
Level 2 -- Attendance: 736 (73.60%) -- Ticket Income $11,040
Total Attendance: 2194 (73.13%)
Total Ticket Income: $59,154
Other Income: $2,958
Total Income: $62,112
Atomiques
5 vs 5 Forward
Center Left Wing Right Wing Time % Phy DF OF
1 Chris Tierney Brandon Saad Dennis Everberg 40 1 2 2
2 Christoph Bertschy Taylor Beck William Nylander 30 1 2 2
3 Michael Chaput Brandon McMillan Corey Tropp 20 1 2 2
4 Jacob De La Rose Mike Halmo Jack Skille 10 1 2 2
5 vs 5 Defense
Defense Defense Time % Phy DF OF
1 Travis Sanheim Wiley Sherman 40 1 2 2
2 Matt Tennyson John Draeger 30 1 2 2
3 Eric Mestery John Draeger 20 1 2 2
4 Travis Sanheim Wiley Sherman 10 1 2 2
PowerPlay Forward
Center Left Wing Right Wing Time % Phy DF OF
1 Chris Tierney Brandon Saad Dennis Everberg 60 1 2 2
2 Christoph Bertschy Taylor Beck William Nylander 40 1 2 2
PowerPlay Defense
Defense Defense Time % Phy DF OF
1 Travis Sanheim Wiley Sherman 60 1 2 2
2 Matt Tennyson John Draeger 40 1 2 2
Penalty Kill 4 Players Forward
Center Wing Time % Phy DF OF
1 Chris Tierney Brandon McMillan 60 1 2 2
2 Jacob De La Rose Dennis Everberg 40 1 2 2
Penalty Kill 4 Players Defense
Defense Defense Time % Phy DF OF
1 Travis Sanheim Wiley Sherman 60 1 2 2
2 Matt Tennyson John Draeger 40 1 2 2
Penalty Kill - 3 Players Forward
Forward Time % Phy DF OF
1 Chris Tierney 60 1 2 2
2 Jacob De La Rose 40 1 2 2
Penalty Kill - 3 Players Defense
Defense Defense Time % Phy DF OF
1 Travis Sanheim Wiley Sherman 60 1 2 2
2 Matt Tennyson John Draeger 40 1 2 2
4 vs 4 Forward
Center Wing Time % Phy DF OF
1 Chris Tierney Dennis Everberg 60 1 2 2
2 Taylor Beck William Nylander 40 1 2 2
4 vs 4 Defense
Defense Defense Time % Phy DF OF
1 Travis Sanheim Wiley Sherman 60 1 2 2
2 Matt Tennyson John Draeger 40 1 2 2
Last Minutes Offensive
Center Left Wing Right Wing Defense Defense
Chris Tierney Taylor Beck Dennis Everberg Travis Sanheim Wiley Sherman
Last Minutes Defensive
Center Left Wing Right Wing Defense Defense
Chris Tierney Brandon McMillan Corey Tropp Matt Tennyson Wiley Sherman
Goaltenders
Starting : Connor Hellebyuk
Backup : Thatcher Demko
Extra Forwards
Normal : Taylor Beck, Brandon Saad, William Nylander - PP : William Nylander, Dennis Everberg - PK : Mike Halmo
Extra Defensemen
Normal : John Draeger, Wiley Sherman, Matt Tennyson - PP : Travis Sanheim - PK : Wiley Sherman, Travis Sanheim
Penalty Shots
Taylor Beck, Christoph Bertschy, William Nylander, Dennis Everberg, Brandon McMillan
Scratches
Freddie Hamilton (Healthy), Max McCormick (Healthy), Dalton Smith (Healthy), Joseph Cramarossa (Healthy), Bobby Farnham (Healthy)
Carl Dahlstrom (Healthy), Colby Cohen (Healthy), Anthony Nigro (Healthy), Axel Holmstrom (Healthy), Keegan Iverson (Healthy)
Andrew Hammond (Healthy)
Senators
5 vs 5 Forward
Center Left Wing Right Wing Time % Phy DF OF
1 Zemgus Girgensons Nick Foligno Matt Frattin 40 1 2 2
2 Chandler Stephenson Jan Mursak Tomas Jurco 30 1 2 2
3 Blake Coleman Andy Andreoff Michal Repik 20 1 2 2
4 Maxim Letunov Patrick Maroon Grant Besse 10 1 2 2
5 vs 5 Defense
Defense Defense Time % Phy DF OF
1 Scott Harrington Keegan Lowe 40 1 2 2
2 Dylan Blujus Jack Dougherty 30 1 2 2
3 Mason Geertsen Adam Ollas-Mattsson 20 1 2 2
4 Scott Harrington Keegan Lowe 10 1 2 2
PowerPlay Forward
Center Left Wing Right Wing Time % Phy DF OF
1 Zemgus Girgensons Nick Foligno Matt Frattin 60 1 2 2
2 Chandler Stephenson Jan Mursak Tomas Jurco 40 1 2 2
PowerPlay Defense
Defense Defense Time % Phy DF OF
1 Scott Harrington Keegan Lowe 60 1 2 2
2 Dylan Blujus Jack Dougherty 40 1 2 2
Penalty Kill 4 Players Forward
Center Wing Time % Phy DF OF
1 Nick Foligno Jan Mursak 60 1 2 2
2 Matt Frattin Andy Andreoff 40 1 2 2
Penalty Kill 4 Players Defense
Defense Defense Time % Phy DF OF
1 Scott Harrington Keegan Lowe 60 1 2 2
2 Dylan Blujus Jack Dougherty 40 1 2 2
Penalty Kill - 3 Players Forward
Forward Time % Phy DF OF
1 Nick Foligno 60 1 2 2
2 Jan Mursak 40 1 2 2
Penalty Kill - 3 Players Defense
Defense Defense Time % Phy DF OF
1 Scott Harrington Keegan Lowe 60 1 2 2
2 Dylan Blujus Jack Dougherty 40 1 2 2
4 vs 4 Forward
Center Wing Time % Phy DF OF
1 Nick Foligno Jan Mursak 60 1 2 2
2 Matt Frattin Andy Andreoff 40 1 2 2
4 vs 4 Defense
Defense Defense Time % Phy DF OF
1 Scott Harrington Keegan Lowe 60 1 2 2
2 Dylan Blujus Jack Dougherty 40 1 2 2
Last Minutes Offensive
Center Left Wing Right Wing Defense Defense
Zemgus Girgensons Nick Foligno Matt Frattin Scott Harrington Keegan Lowe
Last Minutes Defensive
Center Left Wing Right Wing Defense Defense
Zemgus Girgensons Nick Foligno Matt Frattin Scott Harrington Keegan Lowe
Goaltenders
Starting : Stephon Williams
Backup : Justin Peters
Extra Forwards
Normal : Brett Bulmer, Warren Foegele, Patrick Maroon - PP : Brett Bulmer, Warren Foegele - PK : Patrick Maroon
Extra Defensemen
Normal : Mason Geertsen, Adam Ollas-Mattsson, Dylan Blujus - PP : Mason Geertsen - PK : Adam Ollas-Mattsson, Dylan Blujus
Penalty Shots
Nick Foligno, Jan Mursak, Matt Frattin, Andy Andreoff, Tomas Jurco
Scratches
Jake Evans (Back Surgery Injury)
% Time on Ice - Atomiques
Lines # - Real PCT - Wanted PCT - Time Play
Normal Forward
1 - 35% - 40% - 18:12
2 - 28% - 30% - 14:23
3 - 21% - 20% - 11:06
4 - 16% - 10% - 8:26
Normal Defense
1 - 42% - 40% - 21:44
2 - 30% - 30% - 15:50
3 - 20% - 20% - 10:25
4 - 8% - 10% - 4:08
PP Forward
1 - 57% - 60% - 1:41
2 - 43% - 40% - 1:15
PP Defense
1 - 70% - 60% - 2:04
2 - 30% - 40% - 0:52
PK Forward
1 - 70% - 60% - 3:29
2 - 30% - 40% - 1:28
PK Defense
1 - 55% - 60% - 2:44
2 - 45% - 40% - 2:13
PK3 Forward
1 - 0% - 60%
2 - 0% - 40%
PK3 Defense
1 - 0% - 60%
2 - 0% - 40%
44 Forward
1 - 0% - 60%
2 - 0% - 40%
44 Defense
1 - 0% - 60%
2 - 0% - 40%
Last Minute Offensive - 0:00
Last Minute Defensive - 0:00
Total
Forward - 60:00
Defense - 60:00
|
% Time on Ice - Senators
Lines # - Real PCT - Wanted PCT - Time Play
Normal Forward
1 - 35% - 40% - 18:30
2 - 27% - 30% - 14:09
3 - 23% - 20% - 12:14
4 - 14% - 10% - 7:14
Normal Defense
1 - 38% - 40% - 20:02
2 - 34% - 30% - 17:41
3 - 23% - 20% - 11:59
4 - 5% - 10% - 2:25
PP Forward
1 - 63% - 60% - 3:06
2 - 37% - 40% - 1:51
PP Defense
1 - 71% - 60% - 3:30
2 - 29% - 40% - 1:27
PK Forward
1 - 81% - 60% - 2:23
2 - 19% - 40% - 0:33
PK Defense
1 - 63% - 60% - 1:50
2 - 38% - 40% - 1:06
PK3 Forward
1 - 0% - 60%
2 - 0% - 40%
PK3 Defense
1 - 0% - 60%
2 - 0% - 40%
44 Forward
1 - 0% - 60%
2 - 0% - 40%
44 Defense
1 - 0% - 60%
2 - 0% - 40%
Last Minute Offensive - 0:00
Last Minute Defensive - 0:00
Total
Forward - 60:00
Defense - 60:00
|
Play-by-Play
1st period
0:01 of 1st period - Chris Tierney wins face-off versus Zemgus Girgensons in neutral zone.
0:08 of 1st period - Snap shot by Brandon Saad.
0:08 of 1st period - Shot Misses the Net.
1:20 of 1st period - Slapshot by Corey Tropp.
1:20 of 1st period - Deflect By Brandon McMillan.
1:20 of 1st period - Shot Misses the Net.
1:20 of 1st period - Puck is out of play.
1:21 of 1st period - Chandler Stephenson wins face-off versus Christoph Bertschy in Senators zone.
1:47 of 1st period - Brandon Saad is hit by Andy Andreoff and loses puck.
2:12 of 1st period - Wiley Sherman is hit by Adam Ollas-Mattsson and loses puck.
2:43 of 1st period - Snap shot by Michal Repik.
2:43 of 1st period - Stopped by Connor Hellebyuk without a rebound.
2:44 of 1st period - Chris Tierney wins face-off versus Blake Coleman in Atomiques zone.
2:52 of 1st period - Off-side.
2:53 of 1st period - Chandler Stephenson wins face-off versus Taylor Beck in neutral zone.
2:56 of 1st period - Snap shot by Tomas Jurco.
2:56 of 1st period - Stopped by Connor Hellebyuk with a rebound.
3:08 of 1st period - Snap shot by Taylor Beck.
3:08 of 1st period - Stopped by Stephon Williams with a rebound.
3:23 of 1st period - Snap shot by Andy Andreoff.
3:23 of 1st period - Stopped by Connor Hellebyuk without a rebound.
3:24 of 1st period - Chris Tierney wins face-off versus Maxim Letunov in Atomiques zone.
3:29 of 1st period - Wrist shot by Patrick Maroon.
3:29 of 1st period - Deflect By Grant Besse.
3:29 of 1st period - Shot Misses the Net.
3:29 of 1st period - Puck is out of play.
3:30 of 1st period - Chris Tierney wins face-off versus Maxim Letunov in Atomiques zone.
3:43 of 1st period - Wrist shot by Brandon Saad.
3:43 of 1st period - Shot Misses the Net.
3:58 of 1st period - Off-side.
3:59 of 1st period - Zemgus Girgensons wins face-off versus Jacob De La Rose in neutral zone.
4:05 of 1st period - Matt Tennyson is hit by Nick Foligno.
4:11 of 1st period - Snap shot by Jack Skille.
4:11 of 1st period - Shot Misses the Net.
4:13 of 1st period - Slapshot by John Draeger.
4:13 of 1st period - Stopped by Stephon Williams without a rebound.
4:14 of 1st period - Christoph Bertschy wins face-off versus Chandler Stephenson in Senators zone.
4:19 of 1st period - Snap shot by Christoph Bertschy.
4:19 of 1st period - Stopped by Stephon Williams with a rebound.
4:21 of 1st period - Wrist shot by Christoph Bertschy.
4:21 of 1st period - Goal by Christoph Bertschy - Atomiques : 1 - Senators : 0.
4:22 of 1st period - Chandler Stephenson wins face-off versus Chris Tierney in neutral zone.
4:30 of 1st period - Snap shot by Brandon Saad.
4:30 of 1st period - Shot Misses the Net.
4:48 of 1st period - William Nylander is hit by Matt Frattin and loses puck.
4:57 of 1st period - Snap shot by Nick Foligno.
4:57 of 1st period - Stopped by Connor Hellebyuk with a rebound.
4:59 of 1st period - Slapshot by Dylan Blujus.
4:59 of 1st period - Stopped by Connor Hellebyuk with a rebound.
5:46 of 1st period - Icing by Patrick Maroon.
5:47 of 1st period - Maxim Letunov wins face-off versus Chris Tierney in Senators zone.
5:58 of 1st period - Snap shot by Patrick Maroon.
5:58 of 1st period - Shot Misses the Net.
6:18 of 1st period - Wrist shot by Corey Tropp.
6:18 of 1st period - Shot Misses the Net.
6:26 of 1st period - Snap shot by Grant Besse.
6:26 of 1st period - Stopped by Connor Hellebyuk with a rebound.
6:28 of 1st period - Slapshot by Adam Ollas-Mattsson.
6:28 of 1st period - Shot Blocked by Matt Tennyson.
6:30 of 1st period - Slapshot by Maxim Letunov.
6:30 of 1st period - Stopped by Connor Hellebyuk with a rebound.
6:32 of 1st period - Snap shot by Patrick Maroon.
6:32 of 1st period - Stopped by Connor Hellebyuk with a rebound.
6:34 of 1st period - Snap shot by Grant Besse.
6:34 of 1st period - Stopped by Connor Hellebyuk without a rebound.
6:35 of 1st period - Chris Tierney wins face-off versus Zemgus Girgensons in Atomiques zone.
7:00 of 1st period - Scott Harrington is hit by William Nylander and loses puck.
7:07 of 1st period - Slapshot by Keegan Lowe.
7:07 of 1st period - Stopped by Connor Hellebyuk without a rebound.
7:08 of 1st period - Christoph Bertschy wins face-off versus Zemgus Girgensons in Atomiques zone.
7:16 of 1st period - Penalty Shot by Dylan Blujus for Senators.
7:16 of 1st period - Deke by Dylan Blujus.
7:16 of 1st period - Stopped by Connor Hellebyuk.
7:17 of 1st period - Chris Tierney wins face-off versus Zemgus Girgensons in Senators zone.
7:28 of 1st period - Backhand shot by Zemgus Girgensons.
7:28 of 1st period - Shot Misses the Net.
7:42 of 1st period - Taylor Beck is hit by Tomas Jurco and loses puck.
8:11 of 1st period - Snap shot by Corey Tropp.
8:11 of 1st period - Stopped by Stephon Williams with a rebound.
8:33 of 1st period - Slapshot by Dennis Everberg.
8:33 of 1st period - Shot Misses the Net.
8:49 of 1st period - Wrist shot by Taylor Beck.
8:49 of 1st period - Shot Blocked by Jack Dougherty.
9:25 of 1st period - Snap shot by Andy Andreoff.
9:25 of 1st period - Deflect By Blake Coleman.
9:25 of 1st period - Shot Misses the Net.
9:25 of 1st period - Puck is out of play.
9:26 of 1st period - Matt Frattin wins face-off versus Chris Tierney in Atomiques zone.
9:33 of 1st period - Snap shot by Nick Foligno.
9:33 of 1st period - Stopped by Connor Hellebyuk with a rebound.
9:56 of 1st period - Jan Mursak is hit by William Nylander.
10:02 of 1st period - Jan Mursak is hit by Taylor Beck and loses puck.
10:39 of 1st period - Wrist shot by Dennis Everberg.
10:39 of 1st period - Stopped by Stephon Williams with a rebound.
10:55 of 1st period - Keegan Lowe is hit by Jack Skille and loses puck.
11:02 of 1st period - Jan Mursak is hit by Mike Halmo.
11:12 of 1st period - Patrick Maroon is hit by Matt Tennyson and loses puck.
11:19 of 1st period - Slapshot by Taylor Beck.
11:19 of 1st period - Shot Misses the Net.
11:25 of 1st period - Christoph Bertschy is hit by Maxim Letunov and loses puck.
11:33 of 1st period - Icing by Taylor Beck.
11:34 of 1st period - Zemgus Girgensons wins face-off versus Christoph Bertschy in Atomiques zone.
11:39 of 1st period - Snap shot by Nick Foligno.
11:39 of 1st period - Goal by Nick Foligno - Atomiques : 1 - Senators : 1.
11:40 of 1st period - Chris Tierney wins face-off versus Nick Foligno in neutral zone.
12:19 of 1st period - Minor Penalty to Scott Harrington for Hooking.
12:20 of 1st period - Chris Tierney wins face-off versus Nick Foligno in Senators zone.
13:06 of 1st period - Keegan Lowe is hit by Brandon Saad and loses puck.
14:11 of 1st period - Zemgus Girgensons is hit by John Draeger and loses puck.
14:19 of 1st period - Penalty to Scott Harrington is over, Scott Harrington is back on ice.
14:31 of 1st period - Matt Tennyson is hit by Jan Mursak and loses puck.
14:42 of 1st period - Slapshot by Zemgus Girgensons.
14:42 of 1st period - Shot Misses the Net.
14:48 of 1st period - Snap shot by Jan Mursak.
14:48 of 1st period - Stopped by Connor Hellebyuk without a rebound.
14:49 of 1st period - Jacob De La Rose wins face-off versus Michal Repik in Atomiques zone.
15:06 of 1st period - Travis Sanheim is hit by Andy Andreoff and loses puck.
15:17 of 1st period - Slapshot by Christoph Bertschy.
15:17 of 1st period - Stopped by Stephon Williams with a rebound.
16:09 of 1st period - Michal Repik is hit by Mike Halmo.
16:22 of 1st period - Icing by William Nylander.
16:23 of 1st period - Christoph Bertschy wins face-off versus Zemgus Girgensons in Atomiques zone.
16:23 of 1st period - Christoph Bertschy is hit by Nick Foligno.
17:40 of 1st period - Wrist shot by Jacob De La Rose.
17:40 of 1st period - Stopped by Stephon Williams with a rebound.
17:55 of 1st period - Snap shot by Zemgus Girgensons.
17:55 of 1st period - Shot Blocked by William Nylander.
17:57 of 1st period - Snap shot by Zemgus Girgensons.
17:57 of 1st period - Shot Misses the Net.
17:59 of 1st period - Snap shot by Zemgus Girgensons.
17:59 of 1st period - Shot Misses the Net.
18:19 of 1st period - Snap shot by Dennis Everberg.
18:19 of 1st period - Stopped by Stephon Williams without a rebound.
18:20 of 1st period - Chandler Stephenson wins face-off versus Chris Tierney in Senators zone.
18:45 of 1st period - Brandon Saad is hit by Scott Harrington and loses puck.
19:12 of 1st period - Snap shot by Taylor Beck.
19:12 of 1st period - Shot Misses the Net.
19:14 of 1st period - Snap shot by William Nylander.
19:14 of 1st period - Shot Misses the Net.
19:16 of 1st period - Snap shot by Taylor Beck.
19:16 of 1st period - Stopped by Stephon Williams without a rebound.
19:17 of 1st period - Christoph Bertschy wins face-off versus Chandler Stephenson in Senators zone.
Goals for this period are 1 for Atomiques vs 1 for Senators.
Shots for this period are 10 for Atomiques vs 13 for Senators.
2nd period
0:01 of 2nd period - Brandon Saad wins face-off versus Chandler Stephenson in neutral zone.
0:14 of 2nd period - Slapshot by Keegan Lowe.
0:14 of 2nd period - Shot Misses the Net.
0:22 of 2nd period - Minor Penalty to Dennis Everberg for Hooking.
0:23 of 2nd period - Zemgus Girgensons wins face-off versus Chris Tierney in Atomiques zone.
0:38 of 2nd period - Wrist shot by Matt Frattin.
0:38 of 2nd period - Shot Misses the Net.
2:22 of 2nd period - Penalty to Dennis Everberg is over, Dennis Everberg is back on ice.
2:24 of 2nd period - Dennis Everberg is hit by Zemgus Girgensons and loses puck.
2:43 of 2nd period - Slapshot by Matt Tennyson.
2:43 of 2nd period - Stopped by Stephon Williams with a rebound.
3:19 of 2nd period - Backhand shot by Dennis Everberg.
3:19 of 2nd period - Shot Misses the Net.
5:00 of 2nd period - Michael Chaput is hit by Keegan Lowe and loses puck.
5:33 of 2nd period - Taylor Beck is hit by Andy Andreoff.
5:50 of 2nd period - Brandon Saad is hit by Tomas Jurco and loses puck.
6:01 of 2nd period - Travis Sanheim is hit by Nick Foligno and loses puck.
6:33 of 2nd period - Off-side.
6:34 of 2nd period - Michael Chaput wins face-off versus Blake Coleman in neutral zone.
6:36 of 2nd period - Off-side.
6:37 of 2nd period - Blake Coleman wins face-off versus Michael Chaput in neutral zone.
7:19 of 2nd period - Off-side.
7:20 of 2nd period - Christoph Bertschy wins face-off versus Nick Foligno in neutral zone.
7:25 of 2nd period - Slapshot by Christoph Bertschy.
7:25 of 2nd period - Stopped by Stephon Williams with a rebound.
7:46 of 2nd period - Minor Penalty to Scott Harrington for Hooking.
7:47 of 2nd period - Nick Foligno wins face-off versus Chris Tierney in Senators zone.
8:43 of 2nd period - Snap shot by Christoph Bertschy.
8:43 of 2nd period - Goal by Christoph Bertschy - Atomiques : 2 - Senators : 1.
8:44 of 2nd period - Dennis Everberg wins face-off versus Nick Foligno in neutral zone.
10:17 of 2nd period - Wiley Sherman is hit by Chandler Stephenson and loses puck.
10:26 of 2nd period - Wrist shot by Wiley Sherman.
10:26 of 2nd period - Stopped by Stephon Williams with a rebound.
10:36 of 2nd period - Wrist shot by Matt Frattin.
10:36 of 2nd period - Shot Blocked by Wiley Sherman.
10:38 of 2nd period - Slapshot by Adam Ollas-Mattsson.
10:38 of 2nd period - Stopped by Connor Hellebyuk with a rebound.
10:40 of 2nd period - Wrist shot by Zemgus Girgensons.
10:40 of 2nd period - Shot Misses the Net.
10:42 of 2nd period - Wrist shot by Nick Foligno.
10:42 of 2nd period - Stopped by Connor Hellebyuk without a rebound.
10:43 of 2nd period - Zemgus Girgensons wins face-off versus Chris Tierney in Atomiques zone.
11:09 of 2nd period - Snap shot by Christoph Bertschy.
11:09 of 2nd period - Shot Blocked by Jack Dougherty.
12:02 of 2nd period - Grant Besse is hit by Mike Halmo and loses puck.
12:35 of 2nd period - Zemgus Girgensons is hit by Corey Tropp and loses puck.
12:48 of 2nd period - Zemgus Girgensons is hit by Brandon McMillan.
12:56 of 2nd period - Slapshot by William Nylander.
12:56 of 2nd period - Stopped by Stephon Williams with a rebound.
12:58 of 2nd period - Wrist shot by Taylor Beck.
12:58 of 2nd period - Shot Misses the Net.
13:21 of 2nd period - Wrist shot by Nick Foligno.
13:21 of 2nd period - Shot Misses the Net.
13:23 of 2nd period - Wrist shot by Chandler Stephenson.
13:23 of 2nd period - Stopped by Connor Hellebyuk without a rebound.
13:24 of 2nd period - Chandler Stephenson wins face-off versus Chris Tierney in Atomiques zone.
13:25 of 2nd period - Wrist shot by Tomas Jurco.
13:25 of 2nd period - Deflect By Chandler Stephenson.
13:25 of 2nd period - Shot Misses the Net.
13:25 of 2nd period - Puck is out of play.
13:26 of 2nd period - Chandler Stephenson wins face-off versus Chris Tierney in Atomiques zone.
13:27 of 2nd period - Slapshot by Tomas Jurco.
13:27 of 2nd period - Shot Misses the Net.
13:29 of 2nd period - Snap shot by Tomas Jurco.
13:29 of 2nd period - Stopped by Connor Hellebyuk with a rebound.
13:33 of 2nd period - Wrist shot by Jan Mursak.
13:33 of 2nd period - Shot Misses the Net.
13:35 of 2nd period - Snap shot by Scott Harrington.
13:35 of 2nd period - Deflect By Jan Mursak.
13:35 of 2nd period - Shot Misses the Net.
13:35 of 2nd period - Puck is out of play.
13:36 of 2nd period - Chris Tierney wins face-off versus Chandler Stephenson in Atomiques zone.
13:41 of 2nd period - Slapshot by Dennis Everberg.
13:41 of 2nd period - Shot Misses the Net.
13:43 of 2nd period - Slapshot by Wiley Sherman.
13:43 of 2nd period - Deflect By Dennis Everberg.
13:43 of 2nd period - Goal by Dennis Everberg - Atomiques : 3 - Senators : 1.
13:44 of 2nd period - Zemgus Girgensons wins face-off versus Chris Tierney in neutral zone.
13:49 of 2nd period - Snap shot by Nick Foligno.
13:49 of 2nd period - Shot Blocked by Chris Tierney.
13:51 of 2nd period - Slapshot by Keegan Lowe.
13:51 of 2nd period - Shot Misses the Net.
14:23 of 2nd period - Wrist shot by Nick Foligno.
14:23 of 2nd period - Stopped by Connor Hellebyuk without a rebound.
14:24 of 2nd period - Chandler Stephenson wins face-off versus Chris Tierney in Atomiques zone.
14:49 of 2nd period - Tomas Jurco is hit by Michael Chaput and loses puck.
15:12 of 2nd period - Snap shot by Andy Andreoff.
15:12 of 2nd period - Stopped by Connor Hellebyuk with a rebound.
15:16 of 2nd period - Snap shot by Michal Repik.
15:16 of 2nd period - Stopped by Connor Hellebyuk with a rebound.
15:18 of 2nd period - Snap shot by Michal Repik.
15:18 of 2nd period - Shot Misses the Net.
15:20 of 2nd period - Wrist shot by Andy Andreoff.
15:20 of 2nd period - Shot Blocked by Christoph Bertschy.
15:22 of 2nd period - Wrist shot by Michal Repik.
15:22 of 2nd period - Shot Hit the Post.
15:31 of 2nd period - Icing by Dennis Everberg.
15:32 of 2nd period - Zemgus Girgensons wins face-off versus Chris Tierney in Atomiques zone.
15:39 of 2nd period - Snap shot by Dennis Everberg.
15:39 of 2nd period - Shot Blocked by Scott Harrington.
15:41 of 2nd period - Snap shot by Matt Tennyson.
15:41 of 2nd period - Deflect By Zemgus Girgensons.
15:41 of 2nd period - Stopped by Stephon Williams without a rebound.
15:42 of 2nd period - Chris Tierney wins face-off versus Zemgus Girgensons in Senators zone.
15:49 of 2nd period - Snap shot by Brandon Saad.
15:49 of 2nd period - Stopped by Stephon Williams with a rebound.
15:51 of 2nd period - Snap shot by Dennis Everberg.
15:51 of 2nd period - Shot Misses the Net.
15:53 of 2nd period - Slapshot by Brandon Saad.
15:53 of 2nd period - Stopped by Stephon Williams with a rebound.
15:55 of 2nd period - Snap shot by Wiley Sherman.
15:55 of 2nd period - Shot Misses the Net.
16:09 of 2nd period - William Nylander is hit by Tomas Jurco and loses puck.
16:21 of 2nd period - Icing by Wiley Sherman.
16:22 of 2nd period - Christoph Bertschy wins face-off versus Andy Andreoff in Atomiques zone.
16:27 of 2nd period - Snap shot by Taylor Beck.
16:27 of 2nd period - Shot Blocked by Dylan Blujus.
16:29 of 2nd period - Snap shot by Christoph Bertschy.
16:29 of 2nd period - Shot Blocked by Dylan Blujus.
16:33 of 2nd period - Wrist shot by Taylor Beck.
16:33 of 2nd period - Shot Misses the Net.
16:35 of 2nd period - Wrist shot by Taylor Beck.
16:35 of 2nd period - Goal by Taylor Beck - Atomiques : 4 - Senators : 1.
16:36 of 2nd period - Matt Frattin wins face-off versus Chris Tierney in neutral zone.
17:14 of 2nd period - Wrist shot by Tomas Jurco.
17:14 of 2nd period - Stopped by Connor Hellebyuk without a rebound.
17:15 of 2nd period - Michael Chaput wins face-off versus Blake Coleman in Atomiques zone.
17:40 of 2nd period - Nick Foligno is hit by John Draeger and loses puck.
19:13 of 2nd period - Snap shot by Wiley Sherman.
19:13 of 2nd period - Deflect By Mike Halmo.
19:13 of 2nd period - Stopped by Stephon Williams without a rebound.
19:14 of 2nd period - Zemgus Girgensons wins face-off versus Brandon Saad in Senators zone.
19:52 of 2nd period - Backhand shot by Michal Repik.
19:52 of 2nd period - Shot Blocked by John Draeger.
19:58 of 2nd period - Wrist shot by Brandon McMillan.
19:58 of 2nd period - Stopped by Stephon Williams with a rebound.
Goals for this period are 3 for Atomiques vs 0 for Senators.
Shots for this period are 12 for Atomiques vs 8 for Senators.
3rd period
0:01 of 3rd period - Zemgus Girgensons wins face-off versus Chris Tierney in neutral zone.
0:16 of 3rd period - Snap shot by Matt Frattin.
0:16 of 3rd period - Deflect By Zemgus Girgensons.
0:16 of 3rd period - Goal by Zemgus Girgensons - Atomiques : 4 - Senators : 2.
0:17 of 3rd period - Zemgus Girgensons wins face-off versus Chris Tierney in neutral zone.
0:42 of 3rd period - Christoph Bertschy is hit by Tomas Jurco and loses puck.
1:09 of 3rd period - Snap shot by Jack Skille.
1:09 of 3rd period - Goal by Jack Skille - Atomiques : 5 - Senators : 2.
1:09 of 3rd period - Justin Peters enters game.
1:10 of 3rd period - Chris Tierney wins face-off versus Zemgus Girgensons in neutral zone.
1:12 of 3rd period - Off-side.
1:13 of 3rd period - Zemgus Girgensons wins face-off versus Chris Tierney in neutral zone.
2:42 of 3rd period - John Draeger is hit by Keegan Lowe and loses puck.
2:47 of 3rd period - Slapshot by Patrick Maroon.
2:47 of 3rd period - Stopped by Connor Hellebyuk without a rebound.
2:48 of 3rd period - Chandler Stephenson wins face-off versus Chris Tierney in Atomiques zone.
2:55 of 3rd period - Slapshot by Tomas Jurco.
2:55 of 3rd period - Stopped by Connor Hellebyuk with a rebound.
2:57 of 3rd period - Snap shot by Chandler Stephenson.
2:57 of 3rd period - Stopped by Connor Hellebyuk with a rebound.
2:59 of 3rd period - Slapshot by Adam Ollas-Mattsson.
2:59 of 3rd period - Stopped by Connor Hellebyuk with a rebound.
3:01 of 3rd period - Snap shot by Jan Mursak.
3:01 of 3rd period - Stopped by Connor Hellebyuk with a rebound.
3:13 of 3rd period - Zemgus Girgensons is hit by Travis Sanheim and loses puck.
4:00 of 3rd period - Slapshot by Matt Tennyson.
4:00 of 3rd period - Deflect By Patrick Maroon.
4:00 of 3rd period - Stopped by Justin Peters without a rebound.
4:01 of 3rd period - Zemgus Girgensons wins face-off versus Jacob De La Rose in Senators zone.
4:44 of 3rd period - Icing by Tomas Jurco.
4:45 of 3rd period - Blake Coleman wins face-off versus Christoph Bertschy in Senators zone.
5:17 of 3rd period - Wrist shot by Brandon Saad.
5:17 of 3rd period - Goal by Brandon Saad - Atomiques : 6 - Senators : 2.
5:18 of 3rd period - Chris Tierney wins face-off versus Zemgus Girgensons in neutral zone.
5:56 of 3rd period - Snap shot by Taylor Beck.
5:56 of 3rd period - Stopped by Justin Peters with a rebound.
6:06 of 3rd period - Wrist shot by Brandon McMillan.
6:06 of 3rd period - Shot Misses the Net.
6:28 of 3rd period - Wrist shot by Grant Besse.
6:28 of 3rd period - Shot Misses the Net.
6:30 of 3rd period - Backhand shot by Jack Dougherty.
6:30 of 3rd period - Stopped by Connor Hellebyuk with a rebound.
6:32 of 3rd period - Slapshot by Dylan Blujus.
6:32 of 3rd period - Stopped by Connor Hellebyuk with a rebound.
6:51 of 3rd period - Snap shot by Nick Foligno.
6:51 of 3rd period - Shot Misses the Net.
6:53 of 3rd period - Wrist shot by Nick Foligno.
6:53 of 3rd period - Shot Blocked by Wiley Sherman.
6:55 of 3rd period - Wrist shot by Dylan Blujus.
6:55 of 3rd period - Deflect By Wiley Sherman.
6:55 of 3rd period - Stopped by Connor Hellebyuk with a rebound.
8:07 of 3rd period - Minor Penalty to Corey Tropp for Hooking.
8:08 of 3rd period - Zemgus Girgensons wins face-off versus Chris Tierney in Atomiques zone.
8:15 of 3rd period - Wrist shot by Matt Frattin.
8:15 of 3rd period - Stopped by Connor Hellebyuk with a rebound.
8:39 of 3rd period - Matt Tennyson is hit by Jack Dougherty and loses puck.
9:00 of 3rd period - Dennis Everberg is hit by Matt Frattin and loses puck.
10:07 of 3rd period - Penalty to Corey Tropp is over, Corey Tropp is back on ice.
10:35 of 3rd period - Grant Besse is hit by Jacob De La Rose and loses puck.
10:50 of 3rd period - Icing by Jack Dougherty.
10:51 of 3rd period - Chris Tierney wins face-off versus Maxim Letunov in Senators zone.
11:09 of 3rd period - Travis Sanheim is hit by Jan Mursak.
11:51 of 3rd period - Snap shot by Travis Sanheim.
11:51 of 3rd period - Stopped by Justin Peters without a rebound.
11:52 of 3rd period - Michal Repik wins face-off versus Jacob De La Rose in Senators zone.
13:18 of 3rd period - Snap shot by Patrick Maroon.
13:18 of 3rd period - Stopped by Connor Hellebyuk with a rebound.
13:26 of 3rd period - Snap shot by Dennis Everberg.
13:26 of 3rd period - Shot Blocked by Grant Besse.
13:28 of 3rd period - Snap shot by Dennis Everberg.
13:28 of 3rd period - Shot Blocked by Adam Ollas-Mattsson.
13:30 of 3rd period - Snap shot by Dennis Everberg.
13:30 of 3rd period - Shot Misses the Net.
14:18 of 3rd period - Minor Penalty to Christoph Bertschy for Roughing.
14:19 of 3rd period - Zemgus Girgensons wins face-off versus Chris Tierney in Atomiques zone.
14:20 of 3rd period - Slapshot by Matt Frattin.
14:20 of 3rd period - Shot Misses the Net.
14:22 of 3rd period - Snap shot by Keegan Lowe.
14:22 of 3rd period - Stopped by Connor Hellebyuk without a rebound.
14:23 of 3rd period - Zemgus Girgensons wins face-off versus Chris Tierney in Atomiques zone.
15:01 of 3rd period - Slapshot by Keegan Lowe.
15:01 of 3rd period - Shot Blocked by Dennis Everberg.
15:03 of 3rd period - Slapshot by Scott Harrington.
15:03 of 3rd period - Shot Misses the Net.
15:13 of 3rd period - Snap shot by Matt Frattin.
15:13 of 3rd period - Goal by Matt Frattin - Atomiques : 6 - Senators : 3.
15:14 of 3rd period - Chandler Stephenson wins face-off versus Chris Tierney in neutral zone.
15:17 of 3rd period - Slapshot by Dylan Blujus.
15:17 of 3rd period - Stopped by Connor Hellebyuk with a rebound.
15:19 of 3rd period - Slapshot by Dylan Blujus.
15:19 of 3rd period - Stopped by Connor Hellebyuk with a rebound.
15:40 of 3rd period - Minor Penalty to Travis Sanheim for Slashing.
15:41 of 3rd period - Nick Foligno wins face-off versus Chris Tierney in Atomiques zone.
15:44 of 3rd period - Snap shot by Nick Foligno.
15:44 of 3rd period - Goal by Nick Foligno - Atomiques : 6 - Senators : 4.
15:45 of 3rd period - Michael Chaput wins face-off versus Zemgus Girgensons in neutral zone.
15:47 of 3rd period - Off-side.
15:48 of 3rd period - Zemgus Girgensons wins face-off versus Michael Chaput in neutral zone.
16:03 of 3rd period - Wiley Sherman is hit by Matt Frattin and loses puck.
16:13 of 3rd period - Off-side.
16:14 of 3rd period - Chris Tierney wins face-off versus Chandler Stephenson in neutral zone.
16:17 of 3rd period - Snap shot by Brandon Saad.
16:17 of 3rd period - Shot Misses the Net.
16:21 of 3rd period - Backhand shot by Dennis Everberg.
16:21 of 3rd period - Shot Misses the Net.
16:23 of 3rd period - Wrist shot by Chris Tierney.
16:23 of 3rd period - Shot Misses the Net.
16:25 of 3rd period - Snap shot by Brandon Saad.
16:25 of 3rd period - Shot Misses the Net.
16:27 of 3rd period - Slapshot by Matt Tennyson.
16:27 of 3rd period - Shot Misses the Net.
16:29 of 3rd period - Wrist shot by Dennis Everberg.
16:29 of 3rd period - Stopped by Justin Peters with a rebound.
16:36 of 3rd period - Icing by Jack Dougherty.
16:37 of 3rd period - Chandler Stephenson wins face-off versus Michael Chaput in Senators zone.
17:33 of 3rd period - Wrist shot by Christoph Bertschy.
17:33 of 3rd period - Shot Misses the Net.
17:35 of 3rd period - Slapshot by Travis Sanheim.
17:35 of 3rd period - Deflect By Christoph Bertschy.
17:35 of 3rd period - Shot Blocked by Scott Harrington.
17:35 of 3rd period - Puck is out of play.
17:36 of 3rd period - Michael Chaput wins face-off versus Matt Frattin in Senators zone.
17:37 of 3rd period - Snap shot by Corey Tropp.
17:37 of 3rd period - Shot Misses the Net.
17:51 of 3rd period - Snap shot by Nick Foligno.
17:51 of 3rd period - Shot Misses the Net.
18:01 of 3rd period - Blake Coleman is hit by Brandon Saad.
18:20 of 3rd period - Off-side.
18:21 of 3rd period - Chandler Stephenson wins face-off versus Christoph Bertschy in neutral zone.
18:28 of 3rd period - Wiley Sherman is hit by Chandler Stephenson and loses puck.
18:33 of 3rd period - Snap shot by Tomas Jurco.
18:33 of 3rd period - Shot Blocked by William Nylander.
18:35 of 3rd period - Wrist shot by Chandler Stephenson.
18:35 of 3rd period - Deflect By William Nylander.
18:35 of 3rd period - Stopped by Connor Hellebyuk with a rebound.
18:37 of 3rd period - Wrist shot by Jan Mursak.
18:37 of 3rd period - Goal by Jan Mursak - Atomiques : 6 - Senators : 5.
18:38 of 3rd period - Zemgus Girgensons wins face-off versus Brandon McMillan in neutral zone.
18:47 of 3rd period - Snap shot by Michael Chaput.
18:47 of 3rd period - Goal by Michael Chaput - Atomiques : 7 - Senators : 5.
18:48 of 3rd period - Michael Chaput wins face-off versus Blake Coleman in neutral zone.
19:04 of 3rd period - Off-side.
19:05 of 3rd period - Zemgus Girgensons wins face-off versus Chris Tierney in neutral zone.
19:14 of 3rd period - Slapshot by Nick Foligno.
19:14 of 3rd period - Shot Blocked by Brandon Saad.
19:16 of 3rd period - Wrist shot by Nick Foligno.
19:16 of 3rd period - Shot Misses the Net.
Goals for this period are 3 for Atomiques vs 4 for Senators.
Shots for this period are 7 for Atomiques vs 18 for Senators.
Back to the Top